 Dungeon Crawl Stone Soup version 0.24-a0-760-g74cc3ae (webtiles) character file.

Game seed: 8074424104660303754, levelgen mode: deterministic

262650 2tousent the Convoker (level 20, -1/155 HPs)
             Began as a Barachi Summoner on Oct 1, 2019.
             Was the Champion of Cheibriados.
             Slain by a spriggan defender
             ... wielding a +3 rapier of venom
             ... led by the Enchantress
              (3 damage)
             ... on level 1 of the Depths on Oct 2, 2019.
             The game lasted 05:21:34 (53222 turns).

2tousent the Convoker (Barachi Summoner)           Turns: 53222, Time: 05:21:35

Health: -1/155     AC: 24    Str: 38      XL:     20   Next: 0%
Magic:  21/38      EV: 18    Int: 33      God:    Cheibriados [******]
Gold:   2792       SH:  0    Dex: 36 (37) Spells: 7/47 levels left

rFire    + . .     SeeInvis +   I - +13 scythe of Curses {drain, *Curse} (curse)
rCold    + . .     Gourm    .   (shield currently unavailable)
rNeg     + + .     Faith    .   k - +2 plate armour {rF+} (curse)
rPois    +         Spirit   .   H - +2 helmet of the Harvest {rF+} (curse)
rElec    .         Reflect  .   n - +0 cloak of Ymicin {Str+6 Dex+4 Stlth-} (curse)
rCorr    .         Harm     .   z - +1 pair of gloves {Dex+3} (curse)
MR       .....                  (no boots)
Stlth    ..........             L - amulet of the acrobat (curse)
HPRegen  0.35/turn              P - ring of poison resistance (curse)
MPRegen  0.26/turn              Y - ring "Veobaq" {Ice rN++ Str+3 Slay+3 SInv} (curse)

@: lethally poisoned (-1 -> -3), vulnerable, slowed, very slow
A: +LOS, swims, deterioration 1, slowness 1, strong legs 2
}: 2/15 runes: decaying, gossamer
a: Hop, Bend Time, Temporal Distortion, Slouch, Step From Time, Renounce
Religion


You were on level 1 of the Depths.
You worshipped Cheibriados.
Cheibriados was exalted by your worship.
You were not hungry.

You visited 8 branches of the dungeon, and saw 36 of its levels.
You visited the Abyss 2 times.
You also visited: Sewer, Ossuary and Bailey.

You collected 5067 gold pieces.
You spent 2275 gold pieces at shops.

Inventory:

Hand Weapons
 a - the cursed +5 halberd of Strategic Superiority {flame, Int+2}
   (You acquired it on level 10 of the Dungeon)

   It has been specially enchanted to burn those struck by it, causing extra
   injury to most foes and up to half again as much damage against particularly
   susceptible opponents.
   Big, fiery blades are also staple armaments of hydra-hunters.
   It affects your intelligence (+2).
   It has a curse placed upon it.
 I - the cursed +13 scythe of Curses (weapon) {drain, *Curse}
   (You found it on level 3 of the Elven Halls)

   A truly terrible weapon, it drains the life of those it strikes.
   It curses itself when equipped.
   It has a curse placed upon it.
Armour
 k - a cursed +2 plate armour of fire resistance (worn)
 n - the cursed +0 cloak of Ymicin (worn) {Str+6 Dex+4 Stlth-}
   (You bought it in a shop on level 2 of the Orcish Mines)

   It affects your strength (+6).
   It affects your dexterity (+4).
   It makes you less stealthy.
   It has a curse placed upon it.
 s - the cursed +3 leather armour "Evuataff" {MR+ Dex+4}
   (You found it on level 3 of the Elven Halls)

   It affects your dexterity (+4).
   It affects your resistance to hostile enchantments.
   It has a curse placed upon it.
 z - a cursed +1 pair of gloves of dexterity (worn)
 H - the cursed +2 helmet of the Harvest (worn) {rF+}
   (You found it on level 7 of the Dungeon)

   It protects you from fire.
   It has a curse placed upon it.
Jewellery
 b - a cursed ring of see invisible
 l - a cursed ring of resist corrosion
 L - a cursed amulet of the acrobat (around neck)
 P - a cursed ring of poison resistance (left hand)
 Y - the cursed ring "Veobaq" (right hand) {Ice rN++ Str+3 Slay+3 SInv}
   (You found it on level 6 of the Lair of Beasts)

   [ring of ice]

   It enhances your ice magic.
   It affects your strength (+3).
   It affects your accuracy and damage with ranged weapons and melee attacks
   (+3).
   It makes you vulnerable to fire.
   It protects you from cold.
   It greatly protects you from negative energy.
   It lets you see invisible.
   It has a curse placed upon it.
Wands
 h - a wand of iceblast (7)
 u - a wand of acid (48)
 G - a wand of digging (6)
 V - a wand of clouds (6)
Scrolls
 j - 6 scrolls of teleportation
 m - 2 scrolls of magic mapping
 r - a scroll of fog
 y - 6 scrolls of fear
 A - 4 scrolls of immolation
 B - 3 scrolls of enchant armour
 E - 7 scrolls of amnesia
 F - 20 scrolls of remove curse
 J - 3 scrolls of blinking
 N - 11 scrolls of enchant weapon
 Q - a scroll of silence
 S - 12 scrolls of identify
Potions
 d - 2 potions of agility
 f - 4 potions of might
 g - 12 potions of curing
 i - 3 potions of invisibility
 o - 4 potions of mutation
 w - 3 potions of brilliance
 x - a potion of flight
 K - 2 potions of resistance
 M - 4 potions of lignification
 O - 5 potions of ambrosia
 T - 3 potions of cancellation
Miscellaneous
 e - a phial of floods
 t - a lamp of fire
 R - a lightning rod (4/4)
 X - 4 phantom mirrors
 Z - a fan of gales
Comestibles
 c - 54 rations
 p - a chunk of flesh


   Skills:
 + Level 12.6 Fighting
 * Level 16.3 Polearms
 + Level 10.7 Armour
 + Level 7.9 Dodging
 - Level 1.7 Stealth
 + Level 14.3 Spellcasting
 + Level 20.3 Summonings
 + Level 10.5 Translocations
   Level 5.0 Ice Magic
 - Level 5.0 Air Magic
 + Level 10.4 Invocations


You had 7 spell levels left.
You knew the following spells:

 Your Spells              Type           Power        Failure   Level  Hunger
a - Shadow Creatures      Summ           N/A          1%          6    ###....
b - Summon Demon          Summ           ########..   1%          5    None
c - Summon Lightning Spi  Summ/Air       #######.     1%          4    None
d - Summon Mana Viper     Hex/Summ       ######..     3%          5    None
e - Summon Forest         Summ/Tloc      #######...   1%          5    None
f - Aura of Abjuration    Summ           ########..   1%          5    None
g - Call Canine Familiar  Summ           ########     0%          3    None
h - Summon Hydra          Summ           ########..   1%          7    #####..

Your spell library contained the following spells:

 Spells                   Type           Power        Failure   Level  Hunger
 Summon Butterflies       Summ           ########     0%          1    None
 Summon Small Mammal      Summ           ####         0%          1    None
 Call Imp                 Summ           ########     0%          2    None
 Apportation              Tloc           ######       1%          1    None
 Blink                    Tloc           N/A          1%          2    None
 Gell's Gravitas          Tloc           #######...   1%          3    None
 Lesser Beckoning         Tloc           #######...   1%          3    None
 Recall                   Summ/Tloc      N/A          1%          3    None
 Summon Guardian Golem    Hex/Summ       ######..     1%          3    None
 Teleport Other           Tloc           #######.     1%          3    None
 Summon Ice Beast         Ice/Summ       ########     1%          4    None
 Shock                    Conj/Air       ####         3%          1    None
 Poisonous Vapours        Pois/Air       #####.       4%          2    None
 Swiftness                Chrm/Air       #####...     4%          2    None
 Throw Frost              Conj/Ice       ######       4%          2    None
 Magic Dart               Conj           ###.         9%          1    None
 Pain                     Necr           ###.         9%          1    None
 Sandblast                Erth           ###...       9%          1    None
 Sting                    Conj/Pois      ###.         9%          1    None
 Static Discharge         Conj/Air       #####...     10%         3    None
 Force Lance              Conj/Tloc      ######..     10%         4    None
 Airstrike                Air            ######....   11%         4    None
 Corpse Rot               Necr           N/A          13%         2    None
 Passwall                 Tmut/Erth      ###.....     13%         2    None
 Searing Ray              Conj           ###...       13%         2    None
 Slow                     Hex            ###.....     13%         2    None
 Sublimation of Blood     Necr           ###.......   13%         2    None
 Mephitic Cloud           Conj/Pois/Air  ####....     13%         3    None
 Conjure Flame            Conj/Fire      ###.....     26%         3    None
 Dazzling Spray           Conj/Hex       ###...       26%         3    None
 Ignite Poison            Fire/Tmut/Pois ###.....     26%         3    None
 Stone Arrow              Conj/Erth      ###...       26%         3    None
 Tukima's Dance           Hex            ###.....     26%         3    None
 Ice Form                 Ice/Tmut       ######..     30%         4    None
 Fulminant Prism          Conj/Hex       ###.......   65%         4    None
 Iskenderun's Mystic Bla  Conj           ###.....     65%         4    None
 Olgreb's Toxic Radiance  Pois           ###.....     65%         4    None
 Petrify                  Tmut/Erth      ###.....     65%         4    None
 Lightning Bolt           Conj/Air       #####.....   65%         5    None
 Metabolic Englaciation   Hex/Ice        ######....   65%         5    None
 Ozocubu's Refrigeration  Ice            ######....   86%         6    ###....
 Agony                    Necr           ###.....     94%         5    None
 Alistair's Intoxication  Tmut/Pois      ###.....     94%         5    None
 Bolt of Draining         Conj/Necr      ###.......   94%         5    None
 Dispel Undead            Necr           ###.....     94%         5    None
 Excruciating Wounds      Chrm/Necr      ###.......   94%         5    None
 Fireball                 Conj/Fire      ###.......   94%         5    None
 Lee's Rapid Deconstruct  Erth           ###.......   94%         5    None
 Venom Bolt               Conj/Pois      ###.......   94%         5    None
 Freezing Cloud           Conj/Ice/Air   ######....   98%         6    ###....
 Bolt of Cold             Conj/Ice       ######....   99%         6    ###....
 Simulacrum               Ice/Necr       ######....   99%         6    ###....
 Bolt of Fire             Conj/Fire      ###.......   100%        6    ###....
 Invisibility             Hex            ###.....     100%        6    ###....
 Ring of Flames           Chrm/Fire      ###.......   100%        7    #####..
 Controlled Blink         Tloc           N/A          100%        8    ######.
 Ignition                 Fire           ###.......   100%        8    ######.


Dungeon Overview and Level Annotations

Branches:
Dungeon (15/15)            Temple (1/1) D:7            Lair (6/6) D:10
  Swamp (4/4) Lair:2       Spider (4/4) Lair:3        Slime (0/5) Lair:6
    Orc (2/2) D:12            Elf (3/3) Orc:2        Vaults (0/5) D:13
 Depths (1/5) D:15          Sewer (visited)         Ossuary (visited)
 Bailey (visited)

Altars:
Ashenzari
Cheibriados
Dithmenos
Elyvilon
Fedhas
Gozag
Kikubaaqudgha
Makhleb
Nemelex Xobeh
Okawaru
Qazlal
Ru
Sif Muna
Trog
Uskayaw
Vehumet
Wu Jian
Xom
Yredelemnul
Zin
The Shining One
Beogh

Shops:
D:4 :   D:6 *(}:[   D:8 ?   D:13 [*   Orc:2 *([*

Portals:
Hell: Depths:1
Ziggurat: Depths:1

Annotations:
Swamp:1 2 transporters


Innate Abilities, Weirdness & Mutations

Shadows flee at your approach. (+LOS)
You can swim through water.
You cover ground slowly.
You can hop long distances.
Your body sometimes deteriorates upon taking damage.


Message History

The hornet stings you!
* * * LOW HITPOINT WARNING * * *
The spriggan defender hits you with a +3 rapier of venom!
* * * LOW HITPOINT WARNING * * *
You are poisoned.
The Enchantress hits you with a +3 rapier of speed.
* * * LOW HITPOINT WARNING * * *
The hornet stings you but does no damage.
You can feel time thicken for a moment.
You kill the hornet!
Cheibriados thoroughly appreciates the change of pace.
You kill the Enchantress!
Cheibriados thoroughly appreciates the change of pace.
You have reached level 20!
You feel clever.
You feel somewhat more hungry.
* * * LOW HITPOINT WARNING * * *
You feel sick.
The spriggan defender hits you with a +3 rapier of venom.
You die...

##...............................
#............................(..
#...............................
#...[...♣.i.....................
#........................(......
#.[.............................
##.[........###..................
.............##i)..............(.
#######.#..#..).@.(^.............
#...###....................
##..## ##..((..(............
##....# #....................
##..#.## ##.#..(...##......÷..
####..#### ####.....##........(
.....## ##....##≈≈.≈..... ##..#♣#
##..###......... .#.##(♣
##.#♣♣.........


You could see a spriggan defender.

Vanquished Creatures
  Bai Suzhen (Spider:4)
  the Enchantress (Depths:1)
  Rupert (Lair:5)
  A deep elf blademaster (Elf:3)
  A deep elf master archer (Elf:3)
  A thorn hunter (Swamp:1)
  A tentacled starspawn (Abyss:3)
  The ghost of warthlord the Peltast, an adept MiBe of Trog (Swamp:3)
  4 ghost moths
  3 deep elf sorcerers (Elf:3)
  A balrug (Abyss:3)
  3 large abominations
  6 emperor scorpions
  A spriggan defender (Depths:1)
  2 very ugly things (Depths:1)
  2 stone giants (Depths:1)
  A vampire knight (Depths:1)
  4 deep elf demonologists
  A spark wasp (Depths:1)
  A lorocyproca (Abyss:3)
  The ghost of Qasiehu the Fighter, a journeyman MiFi of Makhleb (D:13)
  2 blizzard demons (Abyss:3)
  A deep elf death mage (Elf:3)
  A fire dragon (Depths:1)
  2 great orbs of eyes (Depths:1)
  15 hydras
  A spriggan air mage (Depths:1)
  3 ghost crabs
  2 shambling mangroves
  8 two-headed ogres
  5 centaur warriors
  3 ice dragons (Depths:1)
  3 ogre magi
  13 alligators
  2 deep troll shamans (Depths:1)
  A deep troll earth mage (Depths:1)
  3 death yaks (Lair:6)
  18 dancing weapons
  3 thrashing horrors (Abyss:3)
  3 sun demons (Abyss:3)
  7 deep elf knights
  An iron troll (Depths:1)
  A wretched star (Abyss:3)
  A deep troll (Depths:1)
  A sixfirhy (Abyss:3)
  An unseen horror (D:13)
  2 skeletal warriors (D:15)
  A spriggan druid (Swamp:3)
  A wizard (D:14)
  4 deep elf archers
  A flayed ghost (Abyss:3)
  9 swamp dragons
  2 necromancers
  4 orb spiders
  2 cyclopes
  12 wolf spiders
  3 manticores
  4 ugly things
  3 orc sorcerers
  33 deep elf magi
  2 moths of wrath (Spider:1)
  An elephant (Lair:5)
  A worldbinder (Abyss:3)
  A spriggan zombie (Depths:1)
  A naga mage (D:15)
  2 black mambas (Lair:5)
  8 spiny frogs
  A smoke demon (Abyss:3)
  A catoblepas zombie (Abyss:3)
  5 komodo dragons
  A rime drake (Lair:4)
  3 demonic crawlers
  An efreet (D:15)
  A freezing wraith (D:13)
  2 meliai (Lair:5)
  A polar bear (Lair:2)
  5 trolls
  6 tyrant leeches
  A harpy skeleton (D:15)
  25 jumping spiders
  3 raiju (Abyss:3)
  3 hornets
  3 blink frogs
  6 slime creatures
  A dream sheep (Lair:3)
  2 bog bodies (Swamp:4)
  7 hippogriffs
  A vampire (D:11)
  2 spriggans
  45 redbacks
  7 starcursed masses
  An air elemental (Elf:3)
  2 shadows
  10 tarantellas
  8 yaks
  5 water elementals
  A wraith (D:10)
  2 fire elementals (Elf:1)
  3 wyverns
  A yak (shapeshifter) (Abyss:3)
  3 neqoxecs
  4 basilisks
  5 insubstantial wisps (Swamp:3)
  5 vampire mosquitoes
  7 swamp worms
  6 small abominations (Abyss:3)
  A warg (D:12)
  10 water moccasins
  4 porcupines
  13 orc warriors
  An ice beast (D:5)
  An eye of draining (D:11)
  8 swamp drakes
  2 phantoms
  2 wolves
  A necrophage (D:13)
  7 ogres
  15 centaurs
  14 crocodiles
  2 big kobolds
  12 bullfrogs
  3 earth elementals
  A gnoll sergeant (D:9)
  A water moccasin zombie (Ossuary)
  5 scorpions
  14 killer bees
  A wight (D:9)
  3 howler monkeys
  3 crimson imps
  8 centaur zombies
  A bullfrog zombie (D:12)
  A quasit (D:13)
  3 jellies
  12 orc priests
  4 hounds
  5 centaur skeletons
  2 bullfrog skeletons
  4 iguanas
  17 orc wizards
  An iron imp (Abyss:3)
  Natasha (D:1)
  8 worker ants
  A hound zombie (D:10)
  A worker ant zombie (D:5)
  Robin (D:2)
  5 gnolls
  6 adders
  4 shadow imps
  An ufetubus (Abyss:3)
  4 oozes (D:9)
  An adder zombie (Ossuary)
  A worm (D:2)
  2 dart slugs
  5 leopard geckos
  65 orcs
  2 ball pythons
  5 giant cockroaches
  11 goblins
  4 hobgoblins
  8 jackals
  4 quokkas
  5 bats
  9 frilled lizards
  A hobgoblin zombie (Ossuary)
  A jackal skeleton (D:7)
  15 kobolds
  An orc zombie (Ossuary)
  4 rats
  A crawling corpse (Elf:3)
791 creatures vanquished.

Vanquished Creatures (collateral kills)
  Arachne (Spider:2)
  Jorgrun (D:14)
  A deep elf master archer (Elf:3)
  A deep elf blademaster (Elf:3)
  4 thorn hunters
  Gastronok (Lair:1)
  A tengu reaver (Depths:1)
  A fire giant (Depths:1)
  A ghost moth (Spider:3)
  2 deep elf sorcerers (Elf:3)
  2 orc warlords (Orc:2)
  2 emperor scorpions
  A deep elf elementalist (Elf:3)
  A spriggan defender (Depths:1)
  An entropy weaver (Spider:4)
  3 very ugly things (Depths:1)
  3 stone giants (Depths:1)
  Nessos (D:12)
  2 deep elf demonologists (Elf:3)
  7 deep elf annihilators
  4 spark wasps
  3 ettins (Depths:1)
  A fire dragon (D:15)
  Josephine (D:10)
  3 deep elf death magi (Elf:3)
  2 deep elf high priests (Elf:3)
  A great orb of eyes (Depths:1)
  Fannar (D:12)
  A ghost crab (Swamp:2)
  2 rakshasas (Depths:1)
  11 hydras
  3 catoblepae (Lair:6)
  2 centaur warriors (D:14)
  An ogre mage (D:15)
  12 two-headed ogres
  A shambling mangrove (Swamp:1)
  A spriggan air mage (Depths:1)
  12 dancing weapons
  3 alligators
  2 deep troll shamans (Depths:1)
  4 death yaks (Lair:6)
  3 spriggan berserkers (Depths:1)
  6 deep elf knights
  2 iron trolls (Depths:1)
  A wretched star (Abyss:3)
  7 skeletal warriors
  A sixfirhy (Abyss:3)
  5 deep trolls
  3 starcursed masses
  6 swamp dragons
  An obsidian statue (D:13)
  Pikel (D:4)
  4 deep elf archers
  11 wolf spiders
  2 wolf spider zombies
  4 orc knights
  4 orc sorcerers
  17 deep elf magi
  10 orb spiders
  3 cyclopes
  2 oklob plants (Lair:3)
  3 ugly things
  4 manticores
  A moth of wrath (Spider:4)
  A black mamba (Lair:1)
  Joseph (Lair:1)
  A smoke demon (Abyss:3)
  2 centaur skeletons (D:15)
  6 spiny frogs
  A gargoyle (D:15)
  7 komodo dragons
  An efreet (D:14)
  7 demonic crawlers
  3 rime drakes
  6 trolls
  19 jumping spiders
  4 meliai
  A queen bee (Lair:5)
  7 hornets
  A polar bear (Lair:5)
  2 tyrant leeches
  A tengu simulacrum (Depths:1)
  A fire dragon zombie (Depths:1)
  4 dream sheep (Lair:3)
  4 blink frogs
  A blink frog (shapeshifter) (Depths:1)
  6 slime creatures
  A meliai zombie (D:9)
  A raiju (Abyss:3)
  12 bog bodies
  6 hippogriffs
  29 redbacks
  2 spriggans
  12 tarantellas
  6 wraiths
  3 wyverns
  2 shadows
  A vampire (D:14)
  A ynoxinul (Abyss:3)
  34 yaks
  Grum (Lair:1)
  A golden eye (shapeshifter) (Abyss:3)
  5 basilisks
  A hungry ghost (D:9)
  10 vampire mosquitoes
  6 swamp worms
  3 large abominations (Abyss:3)
  4 wargs (Orc:2)
  A swamp worm (shapeshifter) (D:13)
  4 water moccasins
  Duvessa (D:4)
  3 porcupines
  3 sky beasts
  Purgy (Sewer)
  A black bear (D:6)
  28 orc warriors
  A hornet zombie (D:15)
  5 swamp drakes
  A fire dragon simulacrum (Depths:1)
  12 ogres
  2 phantoms
  3 wolves
  2 eyes of draining (D:6)
  15 crocodiles
  18 centaurs
  2 small abominations
  A big kobold (D:8)
  Dowan (D:4)
  6 bullfrogs
  A wyvern skeleton (D:12)
  A wyvern zombie (D:5)
  2 water moccasin zombies (Ossuary)
  A hornet simulacrum (D:14)
  26 killer bees
  3 howler monkeys
  6 wights
  2 electric eels
  2 crimson imps
  A bullfrog zombie (D:12)
  A quasit (D:10)
  2 centaur zombies
  A hound (D:5)
  A gnoll shaman (D:4)
  15 orc priests
  7 jellies
  An iguana (D:8)
  22 orc wizards
  7 worker ants
  A lightning spire (Abyss:3)
  A big kobold zombie (Ossuary)
  2 mummies (Ossuary)
  A worker ant zombie (D:6)
  8 gnolls
  3 adders
  3 shadow imps
  An ufetubus (Abyss:3)
  An ooze (D:9)
  5 adder zombies (Ossuary)
  2 worms
  A dart slug (D:1)
  2 leopard geckos (D:7)
  87 orcs
  3 bats
  2 giant cockroaches
  2 gnoll zombies (Ossuary)
  10 goblins
  5 hobgoblins
  2 quokkas
  3 frilled lizards (D:2)
  9 hobgoblin zombies (Ossuary)
  A jackal skeleton (D:4)
  10 kobolds
  2 kobold zombies (Ossuary)
  3 orc zombies (Ossuary)
  17 briar patches
  A butterfly (Lair:4)
  4 crawling corpses (Elf:3)
  11 fungi
  26 plants
879 creatures vanquished.

Vanquished Creatures (others)
  A deep elf mage (Elf:3)
  A komodo dragon (Lair:6)
  A vampire mosquito (Swamp:4)
  2 slaves (D:4)
  A howler monkey (D:14)
  An orc priest (Orc:2)
  An orc wizard (Orc:1)
  A gnoll (D:4)
  An adder (D:4)
  A ball python skeleton (D:4)
  A frilled lizard (D:4)
  A briar patch (Swamp:4)
  5 fungi (Lair:2)
  11 plants
  26 snaplasher vines
  7 starspawn tentacles (Abyss:3)
62 creatures vanquished.

Grand Total: 1732 creatures vanquished

Notes
Turn   | Place    | Note
-------+----------+-------------------------------------------
     0 | D:1      | 2tousent the Barachi Summoner began the quest for the Orb.
     0 | D:1      | Reached XP level 1. HP: 13/13 MP: 3/3
   143 | D:1      | Reached skill level 5 in Summonings
   515 | D:1      | Reached XP level 2. HP: 9/19 MP: 1/5
  1333 | D:1      | Reached XP level 3. HP: 24/24 MP: 7/7
  1338 | D:1      | Learned a level 3 spell: Call Canine Familiar
  2151 | D:2      | Noticed Natasha
  2173 | D:1      | Killed Natasha
  2173 | D:1      | Reached skill level 6 in Summonings
  2173 | D:1      | Reached XP level 4. HP: 6/30 MP: 2/8
  2400 | D:1      | Learned a level 4 spell: Summon Lightning Spire
  2909 | D:2      | Noticed Robin
  2928 | D:2      | Killed Robin
  3386 | D:2      | Found an iron altar of Okawaru.
  3537 | D:2      | Reached skill level 1 in Air Magic
  3712 | D:3      | Reached XP level 5. HP: 35/35 MP: 9/9
  4283 | D:3      | Reached skill level 7 in Summonings
  4374 | D:3      | Found a burning altar of Makhleb.
  4385 | D:3      | Reached XP level 6. HP: 35/41 MP: 11/11
  4436 | D:4      | Found a glowing drain.
  4447 | Sewer    | Entered a sewer
  4449 | Sewer    | Noticed Purgy
  4452 | Sewer    | Killed Purgy
  4607 | D:4      | Reached skill level 1 in Polearms
  4862 | D:4      | Noticed a slave
  4862 | D:4      | Noticed a slave
  4862 | D:4      | Noticed a slave
  4862 | D:4      | Noticed a slave
  4863 | D:4      | Noticed Pikel
  4878 | D:4      | Killed Pikel
  4878 | D:4      | Reached skill level 8 in Summonings
  4878 | D:4      | Reached XP level 7. HP: 7/46 MP: 4/13
  5459 | D:4      | Found a blossoming altar of Fedhas.
  5462 | D:4      | Found an ancient bone altar of Kikubaaqudgha.
  5839 | D:4      | Noticed Dowan
  5839 | D:4      | Noticed Duvessa
  5857 | D:4      | Killed Duvessa
  5857 | D:4      | Reached XP level 8. HP: 19/52 MP: 0/15
  5988 | D:4      | Killed Dowan
  6181 | D:4      | Found Gunlaazalo's Book Shoppe.
  6243 | D:4      | Learned a level 4 spell: Summon Ice Beast
  6244 | D:5      | Entered Level 5 of the Dungeon
  6267 | D:5      | Reached skill level 9 in Summonings
  6439 | D:5      | Reached skill level 1 in Ice Magic
  6665 | D:5      | Found a radiant altar of Vehumet.
  6665 | D:5      | Found a sparkling altar of Nemelex Xobeh.
  6670 | D:5      | Found a hide-covered altar of Uskayaw.
  6672 | D:5      | Found a glowing golden altar of the Shining One.
  6673 | D:5      | Found a sacrificial altar of Ru.
  6793 | D:5      | Reached skill level 5 in Spellcasting
  7613 | D:6      | Found Ynefemui's Antique Armour Shop.
  7680 | D:6      | Found a bloodstained altar of Trog.
  7694 | D:6      | HP: 2/52 [orc warrior/+0 short sword (8)]
  7705 | D:6      | Reached skill level 15 in Summonings
  7705 | D:6      | Reached XP level 9. HP: 14/57 MP: 1/16
  7857 | D:6      | Found an ornate altar of the Wu Jian Council.
  7990 | D:6      | Found Yppudish's Book Shoppe.
  8091 | D:6      | Found Ocziguy's General Store.
  8114 | D:6      | Bought a scroll of remove curse for 42 gold pieces
  8261 | D:6      | Found Cyneyg's Gadget Shoppe.
  8329 | D:6      | Reached XP level 10. HP: 64/64 MP: 18/18
  8394 | D:6      | Found Zoen's Weapon Emporium.
  8617 | D:7      | Reached skill level 1 in Fighting
  8805 | D:7      | Reached skill level 1 in Armour
  8881 | D:7      | Found a staircase to the Ecumenical Temple.
  8889 | Temple   | Entered the Ecumenical Temple
  8921 | Temple   | Became a worshipper of Cheibriados the Contemplative
  8974 | D:7      | Got a steaming helmet
  8980 | D:7      | Identified the +2 helmet of the Harvest {rF+} (You found it
                  | on level 7 of the Dungeon)
  9270 | D:8      | Identified the Grimoire of the Evil Voyage
  9304 | D:8      | Found Bemyteno's Magic Scroll Emporium.
  9369 | D:8      | Found a sand-covered staircase.
  9373 | Ossuary  | Entered an ossuary
  9423 | Ossuary  | Reached * piety under Cheibriados
  9546 | D:8      | Reached ** piety under Cheibriados
  9551 | D:8      | Found a flagged portal.
  9556 | Bailey   | Entered a bailey
  9565 | Bailey   | Reached skill level 5 in Air Magic
 10119 | Bailey   | Reached skill level 16 in Summonings
 10135 | Bailey   | Reached *** piety under Cheibriados
 10743 | D:8      | Found a white marble altar of Elyvilon.
 11066 | D:8      | Got a faintly glowing war axe
 11413 | D:9      | Reached **** piety under Cheibriados
 11448 | D:9      | Reached skill level 5 in Polearms
 12049 | D:9      | Found a shadowy altar of Dithmenos.
 12528 | D:9      | Reached XP level 11. HP: 71/74 MP: 16/20
 12800 | D:10     | Entered Level 10 of the Dungeon
 12817 | D:10     | Reached ***** piety under Cheibriados
 12893 | D:10     | Noticed a two-headed ogre
 12900 | D:10     | Killed a two-headed ogre
 12972 | D:10     | Noticed Josephine
 12997 | D:10     | Killed Josephine
 13504 | D:10     | Reached skill level 5 in Ice Magic
 13744 | D:10     | Found a staircase to the Lair.
 13881 | D:10     | Identified a scroll of acquirement
 13882 | D:10     | Got a pitted halberd
 13883 | D:10     | Identified the +5 halberd of Strategic Superiority {flame,
                  | Int+2} (You acquired it on level 10 of the Dungeon)
 14124 | D:11     | Reached skill level 1 in Invocations
 14660 | D:6      | Bought a book of Summonings for 770 gold pieces
 14667 | D:6      | Learned a level 6 spell: Shadow Creatures
 14673 | D:6      | Learned a level 5 spell: Summon Forest
 15001 | D:11     | Reached ****** piety under Cheibriados
 15160 | D:12     | Noticed Fannar
 15165 | D:12     | Killed Fannar
 15265 | D:12     | Noticed Nessos
 15271 | D:12     | Killed Nessos
 15851 | D:12     | Reached XP level 12. HP: 73/83 MP: 4/22
 16094 | D:11     | HP: 4/84 [poisoned by a redback]
 16099 | D:11     | HP: 3/84 [poisoned by a redback]
 16105 | D:11     | HP: 3/84 [poisoned by a redback]
 16114 | D:11     | HP: 3/84 [poisoned by a redback]
 16120 | D:11     | HP: 3/84 [poisoned by a redback]
 16126 | D:11     | HP: 4/84 [poisoned by a redback]
 16132 | D:11     | HP: 4/84 [poisoned by a redback]
 16732 | D:12     | Noticed a two-headed ogre
 16740 | D:12     | Killed a two-headed ogre
 16820 | D:12     | Found a staircase to the Orcish Mines.
 16821 | D:12     | Noticed a two-headed ogre
 16831 | D:12     | Killed a two-headed ogre
 16978 | D:12     | Noticed a two-headed ogre
 16994 | D:12     | Killed a two-headed ogre
 17378 | Lair:1   | Entered Level 1 of the Lair of Beasts
 17482 | Lair:1   | Reached skill level 5 in Fighting
 17714 | Lair:1   | Noticed Gastronok
 17721 | Lair:1   | Noticed Joseph
 17722 | Lair:1   | Killed Gastronok
 17722 | Lair:1   | Reached skill level 5 in Armour
 17729 | Lair:1   | Killed Joseph
 17733 | Lair:1   | Noticed Grum
 17736 | Lair:1   | Killed Grum
 17874 | Lair:1   | Noticed a four-headed hydra
 17878 | Lair:1   | Killed a four-headed hydra
 18131 | Lair:1   | Reached skill level 5 in Dodging
 19455 | Lair:2   | Noticed a six-headed hydra
 19459 | Lair:2   | Noticed a five-headed hydra
 19461 | Lair:2   | Killed a five-headed hydra
 19461 | Lair:2   | Gained mutation: You can hop long distances. [Barachi
                  | growth]
 19461 | Lair:2   | Reached XP level 13. HP: 87/91 MP: 6/25
 19610 | Lair:2   | Found a staircase to the Swamp.
 20334 | Lair:3   | Reached skill level 17 in Summonings
 20453 | Lair:3   | Found a hole to the Spider Nest.
 21044 | Lair:4   | Found the +10 morningstar "Eos" {elec, Halo rElec}
 21529 | Lair:5   | Noticed Rupert
 21558 | Lair:5   | Killed Rupert
 21558 | Lair:5   | Reached skill level 1 in Translocations
 22518 | Lair:5   | Reached skill level 10 in Polearms
 22843 | Lair:6   | Entered Level 6 of the Lair of Beasts
 22851 | Lair:6   | Reached skill level 10 in Spellcasting
 22861 | Lair:6   | Found a staircase to the Slime Pits.
 22976 | Lair:6   | Learned a level 5 spell: Aura of Abjuration
 23106 | Lair:6   | Reached skill level 5 in Invocations
 23230 | Lair:6   | Learned a level 5 spell: Summon Demon
 23333 | Lair:6   | Got a wavering amber ring
 23354 | Lair:6   | Identified Sif Muna's Catalogue of the Blistering Frostbite
 23372 | Lair:6   | Reached XP level 14. HP: 85/100 MP: 18/28
 24577 | Orc:1    | Entered Level 1 of the Orcish Mines
 25386 | Orc:1    | Found a burning altar of Makhleb.
 25628 | Orc:2    | Entered Level 2 of the Orcish Mines
 25639 | Orc:2    | Noticed an orc warlord
 25648 | Orc:2    | Killed an orc warlord
 25997 | D:13     | Found a runed translucent gate.
 25997 | D:13     | Found a runed translucent gate.
 26330 | D:13     | Found a shimmering altar of Xom.
 26530 | D:13     | Found Qaniujer's Antique Armour Boutique.
 26533 | D:13     | Bought a shimmering scale mail for 306 gold pieces
 26543 | D:13     | Identified the cursed +0 scale mail of Autumn {-Cast +Inv
                  | Dex+7} (You bought it in a shop on level 13 of the Dungeon)
 26621 | D:13     | Found an opulent altar of Gozag.
 26622 | D:13     | Found a runed translucent gate.
 26622 | D:13     | Noticed Qasiehu's ghost (journeyman MiFi)
 26624 | D:13     | Found Edorosae's Assorted Antiques.
 26629 | D:13     | Paralysed by a hornet for 3 turns
 26648 | D:13     | Killed Qasiehu's ghost
 26943 | D:13     | Bought a scroll labeled HUWINU EBBITUE for 29 gold pieces
 26946 | D:13     | Bought a metal-bound book for 435 gold pieces
 27322 | D:13     | Found a gate to the Vaults.
 27500 | D:14     | Noticed Jorgrun
 27513 | D:14     | Killed Jorgrun
 27598 | D:14     | Found a flickering gateway to a bazaar.
 27752 | D:14     | Reached skill level 5 in Translocations
 27794 | D:14     | You fall into a shaft and drop 1 floor!
 27794 | D:15     | Entered Level 15 of the Dungeon
 28123 | D:15     | Reached XP level 15. HP: 103/108 MP: 21/29
 28230 | D:14     | Identified the cursed +1 scale mail of Mirauqoi {*Corrode
                  | rF+ Str+3 SInv}
 29940 | D:14     | Upgraded the game from 0.24-a0-735-g323ad4e to
                  | 0.24-a0-760-g74cc3ae
 30042 | D:15     | Reached skill level 18 in Summonings
 30707 | D:15     | Learned a level 5 spell: Summon Mana Viper
 30947 | D:15     | Found a staircase to the Depths.
 31096 | Orc:2    | Found Weprij's General Store.
 31119 | Orc:2    | Found a staircase to the Elven Halls.
 31179 | Orc:2    | Found a roughly hewn altar of Beogh.
 31530 | Orc:2    | Bought a potion of heal wounds for 65 gold pieces
 31530 | Orc:2    | Bought a potion of invisibility for 104 gold pieces
 31536 | Orc:2    | Identified the ring "Veobaq" {Ice rN++ Str+3 Slay+3 SInv}
                  | (You found it on level 6 of the Lair of Beasts)
 31550 | Orc:2    | Found a roughly hewn altar of Beogh.
 31604 | Orc:2    | Found a roughly hewn altar of Beogh.
 31605 | Orc:2    | Found a roughly hewn altar of Beogh.
 31763 | Orc:2    | Found a roughly hewn altar of Beogh.
 31909 | Orc:2    | Found a roughly hewn altar of Beogh.
 31913 | Orc:2    | Found Syopimig's Assorted Antiques.
 31919 | Orc:2    | Bought a scroll of teleportation for 69 gold pieces
 31919 | Orc:2    | Bought a scroll of teleportation for 69 gold pieces
 31919 | Orc:2    | Bought a scroll of teleportation for 69 gold pieces
 31919 | Orc:2    | Bought a scroll of magic mapping for 80 gold pieces
 32000 | Orc:2    | Noticed an orc warlord
 32011 | Orc:2    | Killed an orc warlord
 32128 | Orc:2    | Found Etant's Antique Weapon Shoppe.
 32128 | Orc:2    | Found a roughly hewn altar of Beogh.
 32139 | Orc:2    | Found Maetu's Antique Armour Emporium.
 32157 | Orc:2    | Bought a shimmering cloak for 237 gold pieces
 32208 | Orc:2    | Identified the +0 cloak of Ymicin {Str+6 Dex+4 Stlth-} (You
                  | bought it in a shop on level 2 of the Orcish Mines)
 32276 | Orc:2    | Found Panir's Magic Scroll Emporium.
 32457 | Swamp:1  | Entered Level 1 of the Swamp
 32782 | Spider:1 | Entered Level 1 of the Spider Nest
 33722 | Spider:1 | Reached XP level 16. HP: 83/117 MP: 16/31
 35050 | Spider:2 | Noticed Arachne
 35058 | Spider:2 | Killed Arachne
 36699 | Spider:4 | Entered Level 4 of the Spider Nest
 38112 | Spider:4 | Noticed Bai Suzhen
 38465 | Spider:4 | Killed Bai Suzhen
 38641 | Spider:4 | Reached XP level 17. HP: 86/126 MP: 0/33
 39085 | Spider:4 | Got a gossamer rune of Zot
 39966 | Swamp:1  | Found a transporter.
 40024 | Swamp:1  | Found a transporter.
 40432 | Swamp:2  | Reached skill level 10 in Fighting
 40958 | Swamp:2  | Reached skill level 10 in Armour
 42028 | Swamp:3  | Noticed warthlord's ghost (adept MiBe)
 42047 | Swamp:3  | Found a runed translucent gate.
 42047 | Swamp:3  | Found a runed translucent gate.
 42047 | Swamp:3  | Found a runed translucent gate.
 42458 | Swamp:3  | Reached skill level 19 in Summonings
 42851 | Swamp:3  | Killed warthlord's ghost
 43134 | Swamp:4  | Entered Level 4 of the Swamp
 44249 | Swamp:4  | Reached XP level 18. HP: 134/134 MP: 34/34
 44625 | Swamp:4  | Got a decaying rune of Zot
 45028 | Elf:1    | Entered Level 1 of the Elven Halls
 45137 | Elf:1    | Reached skill level 15 in Polearms
 45139 | Elf:1    | Noticed a Hell Sentinel
 45408 | Elf:1    | Identified the Grimoire of Creation
 45418 | Elf:1    | Learned a level 7 spell: Summon Hydra
 46880 | Elf:2    | Found a runed translucent gate.
 46880 | Elf:2    | Found a runed translucent gate.
 46881 | Elf:2    | Found a runed translucent gate.
 47267 | Elf:2    | HP: 6/136 [+2 eveningstar of draining (2)]
 47923 | Elf:2    | Reached skill level 10 in Invocations
 48272 | Elf:3    | Entered Level 3 of the Elven Halls
 48431 | Elf:3    | Noticed a deep elf master archer
 48436 | Elf:3    | Reached skill level 10 in Translocations
 48441 | Elf:3    | Noticed a deep elf blademaster
 48446 | Elf:3    | Killed a deep elf blademaster
 48449 | Elf:3    | Killed a deep elf master archer
 48994 | Elf:3    | Noticed a deep elf master archer
 48996 | Elf:3    | Noticed a deep elf blademaster
 49003 | Elf:3    | Killed a deep elf blademaster
 49005 | Elf:3    | Killed a deep elf master archer
 49150 | Elf:3    | Reached XP level 19. HP: 143/144 MP: 28/36
 49155 | Elf:3    | Paralysed by a deep elf mage for 3 turns
 49577 | Elf:3    | Found the cursed +13 scythe of Curses {drain, *Curse}
 49607 | Elf:3    | Identified the cursed +0 war axe "Hydraslayer" {flame,
                  | rElec Str+3 Int+3}
 49613 | Elf:3    | Cast into level 4 of the Abyss (a deep elf sorcerer)
 49702 | Elf:3    | Escaped the Abyss
 49877 | Elf:3    | Cast into level 3 of the Abyss (a deep elf sorcerer)
 50179 | Abyss:3  | Found a corrupted altar of Lugonu.
 50255 | Abyss:3  | Found a corrupted altar of Lugonu.
 50278 | Abyss:3  | Reached skill level 20 in Summonings
 50303 | Abyss:3  | Gained mutation: Your body sometimes deteriorates upon
                  | taking damage. [a neqoxec]
 50397 | Abyss:3  | Found a corrupted altar of Lugonu.
 50478 | Elf:3    | Escaped the Abyss
 50609 | Elf:3    | Got a transparent leather armour
 50610 | Elf:3    | Identified the +3 leather armour "Evuataff" {MR+ Dex+4}
                  | (You found it on level 3 of the Elven Halls)
 51471 | Depths:1 | Entered Level 1 of the Depths
 52666 | Depths:1 | Found a gateway to Hell.
 52694 | Depths:1 | Found a gateway to a ziggurat.
 52817 | Depths:1 | Paralysed by a great orb of eyes for 2 turns
 53176 | Depths:1 | Noticed the Enchantress
 53221 | Depths:1 | HP: 4/148 [the Enchantress/+3 rapier of speed (6)]
 53222 | Depths:1 | Killed the Enchantress
 53222 | Depths:1 | Reached XP level 20. HP: 4/155 MP: 26/38
 53222 | Depths:1 | Slain by a spriggan defender

Levels and vault maps discovered:
D:1:      kilobyte_arrival_exit_the_forest, layout_basic,
          hangedman_decor_opposing
D:2:      layout_rooms, marbit_many_paths, minmay_lizard_king, uniq_robin,
          uniq_natasha
D:3:      layout_rooms, makhleb_grotto_becter, minmay_ruptured
D:4:      layout_gridville, grunt_temple_overflow_growth_and_decay,
          serial_shops, shop, cheibrodos_sewer_entry_drain, uniq_duvessa,
          uniq_pikel
D:5:      layout_loops_corners, chequers_temple_overflow_minitemple,
          first_ration
D:6:      layout_loops_ring, lemuel_round_altar, trog_eyes_of_draining,
          serial_shops, shop, nicolae_shop_stone, shop, shop,
          nicolae_shop_statue_plus
D:7:      layout_gridville, minmay_temple_entry_mini_moons
D:8:      layout_loops_ring, elyvilon_altar_5,
          nicolae_ossuary_entry_false_entrances, serial_shops, shop,
          enter_bailey_3
D:9:      layout_basic, lemuel_crystal_altar, hangedman_little_slice_of_home,
          kennysheep_generic_room_4
D:10:     layout_basic, lair_entry_dummy, uniq_josephine
D:11:     layout_loops_ring
D:12:     layout_layer_cave, david_orc_2, drop_trap, corexii_corridor_pit,
          uniq_fannar, uniq_nessos
D:13:     layout_loops_ring, david_vaults_4, serial_shops, nicolae_shop_stone,
          ebering_ghost_gozag, minmay_misc_feat_hallway, kennysheep_small_circle
D:14:     cheibrodos_ideogram_h, layout_basic, serial_shops, bzr_in_the_mist,
          kennysheep_another_room, minmay_diced_spiral, uniq_jorgrun
D:15:     grunt_enter_depths_magical_seal, layout_loops_ring, minivault_4
Temple:   compressed_dpeg_triangle_lava_temple
Lair:1:   layout_hall_layers, uniq_joseph, uniq_gastronok, uniq_grum
Lair:2:   layout_long_grid, minmay_swamp_entry_reptiles, grunt_megastairs_1,
          serial_bayou_shore_a
Lair:3:   layout_hall_layers, dummy_spider_entry, serial_bayou_crossing,
          minmay_lair_oklob_chamber, grunt_megastairs_4, lemuel_fruit_fields
Lair:4:   layout_hall_layers, grunt_megastairs_3, lemuel_fruit_fields
Lair:5:   regret_index_bee_streams, layout_regular_city, uniq_rupert
Lair:6:   evilmike_catoblepas_cave, layout_misc_corridors,
          nicolae_slime_entry_slimehenge
Swamp:1:  gammafunk_its_a_trap, layout_falls_marsh, infiniplex_staircase_pool,
          swamp_pool5
Swamp:2:  layout_falls_marsh, serial_swamp_ruin, evilmike_swamp_ruin_house_2,
          evilmike_swamp_ruin_house_4, swamp_pool2, st_swamp_ruins_3
Swamp:3:  layout_falls_marsh, gammafunk_ghost_split, evilmike_swamp_ruin_house_3
Swamp:4:  swamp_basic_johnstein, layout_basic_swamp
Spider:1: layout_spider_delve
Spider:2: layout_chambers, hangedman_spider_tarantella_strand, uniq_arachne
Spider:3: layout_spider_delve, drop_trap, guppyfry_spider_mini_3
Spider:4: grunt_spider_rune_circles, uniq_bai_suzhen
Orc:1:    layout_caves, bloody_makhleb
Orc:2:    grunt_orc_community_town_hall, layout_caves,
          grunt_orc_community_big_house_2, grunt_orc_community_big_house_2,
          grunt_orc_community_house_3, grunt_orc_community_house_2,
          grunt_orc_community_house_3, grunt_orc_community_house_1,
          grunt_orc_community_house_2, serial_shops, nicolae_shop_trees,
          gauntlet_entry_generic, mines2_lemuel
Elf:1:    layout_onion_city, minmay_elf_demonology
Elf:2:    layout_geoelf_diagonals
Elf:3:    grunt_elf_hall_spiral, layout_onion_city
Depths:1: layout_basic, enter_ziggurat_a, hangedman_abyss_or_decor_stabs,
          hell_entry, grunt_decor_arrowhead, minmay_fractal_squares_gapless_7,
          uniq_enchantress

Skill      XL: |  1  2  3  4  5  6  7  8  9 10 11 12 13 14 15 16 17 18 19 |
---------------+----------------------------------------------------------+-----
Summonings     | 5 6 7 8 15 16 17 18 19 20 | 20.3
Spellcasting   | 3 4 5 6 7 8 10 11 12 13 14 | 14.3
Air Magic      | 1 2 3 4 5 |  5.0
Polearms       | 2 3 5 7 8 10 11 12 13 14 16 | 16.3
Ice Magic      | 2 3 5 |  5.0
Fighting       | 2 4 5 6 7 8 9 10 11 12 | 12.6
Armour         | 3 4 5 7 8 9 10 | 10.7
Dodging        | 3 4 5 6 7 |  7.9
Invocations    | 2 3 5 6 7 8 9 10 | 10.4
Translocations | 2 5 6 7 9 10 | 10.5
Stealth        | |  1.7

Action                   |  1- 3 |  4- 6 |  7- 9 | 10-12 | 13-15 | 16-18 | 19-21 || total
-------------------------+-------+-------+-------+-------+-------+-------+-------++-------
Melee: Unarmed           |    62 |       |       |       |       |       |       ||    62
       Dagger            |   122 |    55 |       |       |       |       |       ||   177
       Whip              |       |   203 |   134 |    27 |       |       |       ||   364
       Spear             |       |       |       |   176 |       |       |       ||   176
       Trident           |       |       |       |   186 |       |       |       ||   186
       Halberd           |       |       |       |   279 |   753 |   864 |   189 ||  2085
       Scythe            |       |       |       |       |       |       |    92 ||    92
 Cast: Summon Small Mamm |    19 |       |       |       |       |       |       ||    19
       Call Canine Famil |     3 |    14 |    18 |    48 |     7 |       |       ||    90
       Summon Lightning  |       |     5 |    20 |    40 |     8 |       |       ||    73
       Summon Ice Beast  |       |       |       |    20 |       |       |       ||    20
       Shadow Creatures  |       |       |       |    29 |    69 |    24 |    43 ||   165
       Summon Forest     |       |       |       |    12 |    55 |    71 |    15 ||   153
       Summon Demon      |       |       |       |       |    99 |    72 |     2 ||   173
       Aura of Abjuratio |       |       |       |       |     5 |    12 |     3 ||    20
       Summon Mana Viper |       |       |       |       |     7 |    27 |     8 ||    42
       Summon Hydra      |       |       |       |       |       |    37 |    10 ||    47
Invok: Temporal Distorti |       |       |       |       |       |     1 |       ||     1
       Slouch            |       |       |       |       |       |       |     2 ||     2
 Abil: Hop               |       |     1 |     7 |     8 |    23 |    15 |     3 ||    57
Evoke: Wand              |       |       |       |       |     1 |     1 |       ||     2
  Use: Scroll            |       |     7 |     9 |    11 |    20 |    13 |     4 ||    64
       Potion            |       |       |     7 |     1 |     5 |    11 |     2 ||    26
 Stab: Sleeping          |     4 |     1 |     2 |       |     8 |     1 |       ||    16
       Distracted        |       |     2 |     1 |     6 |    24 |    30 |    10 ||    73
       Invisible         |       |       |     1 |       |       |       |       ||     1
       Petrifying        |       |       |       |       |     1 |       |       ||     1
       Confused          |       |       |       |       |     1 |       |       ||     1
  Eat: Chunk             |     4 |    10 |    15 |    33 |    38 |    25 |     7 ||   132
       Ration            |       |     1 |     1 |     2 |     3 |     5 |     2 ||    14
Armor: Robe              |    55 |    74 |    30 |       |       |       |       ||   159
       Ring mail         |       |       |     6 |   219 |   277 |   224 |       ||   726
       Plate armour      |       |       |       |       |       |    54 |   105 ||   159
Dodge: Dodged            |   141 |   195 |   118 |   413 |   677 |   921 |   212 ||  2677

Table legend:
 A = Non-vault XP
 B = Vault XP
 C = Vault XP percentage of total XP
 D = Non-vault monster count
 E = Vault monster count
 F = Vault count percentage of total count
                 A         B        C        D         E       F
            +---------+---------+-------+---------+---------+-------
      Total |  242340 |  154688 |  39.0 |    1085 |     527 |  32.7
            +---------+---------+-------+---------+---------+-------
        D:1 |      61 |      23 |  27.4 |      31 |       2 |   6.1
        D:2 |      31 |      40 |  56.3 |      15 |      19 |  55.9
        D:3 |     136 |      57 |  29.5 |      25 |       5 |  16.7
        D:4 |     418 |     448 |  51.7 |      29 |       5 |  14.7
        D:5 |     586 |       0 |   0.0 |      21 |       0 |   0.0
        D:6 |     569 |     128 |  18.4 |      28 |       4 |  12.5
        D:7 |     467 |       0 |   0.0 |      20 |       0 |   0.0
        D:8 |     497 |       5 |   1.0 |      17 |       4 |  19.0
        D:9 |    2183 |     133 |   5.7 |      46 |       8 |  14.8
       D:10 |    3129 |     990 |  24.0 |      32 |       5 |  13.5
       D:11 |    2410 |       6 |   0.2 |      31 |       2 |   6.1
       D:12 |    6412 |    1628 |  20.2 |      52 |       7 |  11.9
       D:13 |    5051 |    2917 |  36.6 |      40 |      11 |  21.6
       D:14 |    9256 |    9729 |  51.2 |      42 |      26 |  38.2
       D:15 |   15674 |    4789 |  23.4 |      50 |      12 |  19.4
     Lair:1 |    2908 |    1960 |  40.3 |      14 |       6 |  30.0
     Lair:2 |    4326 |    1426 |  24.8 |      25 |       7 |  21.9
     Lair:3 |    3748 |     904 |  19.4 |      22 |       6 |  21.4
     Lair:4 |    2059 |       0 |   0.0 |      12 |       0 |   0.0
     Lair:5 |    1678 |    7900 |  82.5 |      10 |      55 |  84.6
     Lair:6 |    5662 |    7342 |  56.5 |      29 |      26 |  47.3
    Swamp:1 |   11090 |     403 |   3.5 |      33 |       3 |   8.3
    Swamp:2 |   10849 |    3060 |  22.0 |      22 |       6 |  21.4
    Swamp:3 |    8030 |    3371 |  29.6 |      21 |       6 |  22.2
    Swamp:4 |    6817 |   13555 |  66.5 |      23 |      25 |  52.1
   Spider:1 |    9571 |       0 |   0.0 |      43 |       0 |   0.0
   Spider:2 |   11890 |    2169 |  15.4 |      33 |       2 |   5.7
   Spider:3 |    9718 |    1409 |  12.7 |      33 |       7 |  17.5
   Spider:4 |   15290 |   19838 |  56.5 |      51 |      35 |  40.7
      Orc:1 |    1144 |       0 |   0.0 |      19 |       0 |   0.0
      Orc:2 |    4700 |    4574 |  49.3 |      38 |      68 |  64.2
      Elf:1 |   13482 |    4872 |  26.5 |      28 |      10 |  26.3
      Elf:2 |   11180 |   16041 |  58.9 |      19 |      29 |  60.4
      Elf:3 |   12934 |   25398 |  66.3 |      25 |      27 |  51.9
   Depths:1 |   27811 |   16380 |  37.1 |      50 |      19 |  27.5
    Abyss:3 |   19120 |    1652 |   8.0 |      48 |       5 |   9.4
    Abyss:4 |    1453 |       0 |   0.0 |       8 |       0 |   0.0
      Sewer |       0 |      84 | 100.0 |       0 |       6 | 100.0
    Ossuary |       0 |     211 | 100.0 |       0 |      30 | 100.0
     Bailey |       0 |    1246 | 100.0 |       0 |      39 | 100.0
            +---------+---------+-------+---------+---------+-------
